 Dungeon Crawl Stone Soup version 0.21-a0-401-g0b6bec4 (webtiles) character file.

106089 Xeas the Imperceptible (level 15, -34/78 HPs)
             Began as a Spriggan Enchanter on Oct 25, 2017.
             Was the Champion of Dithmenos.
             Killed from afar by an Ice Fiend (51 damage)
             ... with a bolt of cold
             ... in an ice cave.
             The game lasted 01:33:54 (35023 turns).

Xeas the Imperceptible (Spriggan Enchanter)        Turns: 35023, Time: 01:33:55

Health: -34/78     AC:  7    Str: 11    XL:     15   Next: 96%
Magic:  25/33      EV: 32    Int: 19    God:    Dithmenos [******]
Gold:   1513       SH:  6    Dex: 17    Spells: 5/40 levels left

rFire    . . .     SeeInvis +   R - +7 quick blade
rCold    . . .     Gourm    .   (shield restricted)
rNeg     . . .     Faith    .   w - +2 robe {MR+}
rPois    .         Spirit   .   (helmet restricted)
rElec    .         Reflect  +   E - +2 cloak
rCorr    .         Harm     .   (gloves unavailable)
MR       +++..                  (boots unavailable)
Stlth    ++++++++++             f - +6 amulet of reflection
HPRegen  0.23/turn              O - +3 ring of strength
MPRegen  0.23/turn              z - +2 ring of evasion

@: about to teleport, very slightly contaminated, wreathed by umbra, invisible,
very quick
A: unfitting armour, see invisible, herbivore 3, speed 3, slow metabolism 2
a: Shadow Step, Shadow Form, Renounce Religion


You were in an ice cave.
You worshipped Dithmenos.
Dithmenos was exalted by your worship.
You were not hungry.

You visited 5 branches of the dungeon, and saw 24 of its levels.
You also visited: Labyrinth, Ice Cave and Volcano.

You collected 2646 gold pieces.
You spent 1133 gold pieces at shops.

Inventory:

Hand Weapons
 J - a +7 dagger of draining
 R - a +7 quick blade (weapon)
Missiles
 F - 3 silver tomahawks (quivered)
Armour
 w - a +2 robe of magic resistance (worn)
 E - a +2 cloak (worn)
 G - a +2 robe of fire resistance
 K - a +2 robe of cold resistance
 V - a +2 buckler of cold resistance
Jewellery
 f - a +6 amulet of reflection (around neck)
 m - an uncursed ring of wizardry
 z - a +2 ring of evasion (right hand)
 O - a +3 ring of strength (left hand)
Wands
 a - a wand of enslavement (20/24)
 b - a wand of acid (0/15)
 l - a wand of digging (6/24)
 x - a wand of confusion (27/48)
 D - a wand of disintegration (8/24)
 N - a wand of enslavement (15/24)
 Q - a wand of acid (10/15)
 Z - a wand of iceblast (9/15)
Scrolls
 c - a scroll of summoning
 p - 2 scrolls of enchant armour
 r - 5 scrolls of remove curse
 v - a scroll of magic mapping
 y - 2 scrolls of fog
 A - 5 scrolls of blinking
 B - 2 scrolls of recharging
 I - 5 scrolls of teleportation
 S - 2 scrolls of fear
 T - a scroll of identify
Potions
 g - a potion of might
 h - 9 potions of curing
 i - 2 potions of ambrosia
 k - a potion of cancellation
 n - 3 potions of agility
 o - 4 potions of lignification
 q - 2 potions of invisibility
 s - a potion of haste
 t - 9 potions of brilliance
 u - 2 potions of magic
 C - a potion of flight
 H - 2 potions of berserk rage
 M - 3 potions of resistance
 P - a potion of mutation
 Y - 2 potions of heal wounds
Books
 e - a book of Air

   Spells                             Type                      Level
   a - Shock                          Conjuration/Air              1
   b - Swiftness                      Charms/Air                   2
   c - Static Discharge               Conjuration/Air              3
   d - Airstrike                      Air                          4
   e - Lightning Bolt                 Conjuration/Air              5
 L - a book of Enchantments

   Spells                             Type                      Level
   a - Cause Fear                     Hexes                        4
   b - Yara's Violent Unravelling     Hexes/Transmutation          5
   c - Silence                        Hexes/Air                    5
   d - Deflect Missiles               Charms/Air                   6
   e - Discord                        Hexes                        8
Comestibles
 d - 22 bread rations
 j - 19 royal jellies


   Skills:
 + Level 8.4 Fighting
 - Level 12.0 Short Blades
 + Level 13.9 Dodging
 + Level 21.9 Stealth
 + Level 13.0 Spellcasting
 * Level 14.4 Hexes
 - Level 6.0 Necromancy


You had 5 spell levels left.
You knew the following spells:

 Your Spells              Type           Power        Failure   Level  Hunger
a - Ensorcelled Hibernat  Hex/Ice        #####.       1%          2    None
b - Corona                Hex            ######.      0%          1    None
c - Confuse               Hex            ######..     1%          3    None
d - Tukima's Dance        Hex            ######..     1%          3    None
e - Dazzling Spray        Conj/Hex       #####.       1%          3    None
f - Spectral Weapon       Hex/Chrm       #####...     1%          3    None
g - Dispel Undead         Necr           #####...     13%         5    ####...
h - Invisibility          Hex            ######..     2%          6    ######.
i - Silence               Hex/Air        #####.....   8%          5    ####...
j - Cause Fear            Hex            ######....   1%          4    #......


Dungeon Overview and Level Annotations

Branches:
Dungeon (14/15)            Temple (1/1) D:5            Lair (6/6) D:9
 Shoals (0/4) Lair:4       Spider (0/4) Lair:2        Slime (0/5) Lair:6
    Orc (2/2) D:10            Elf (1/3) Orc:2        Vaults (0/5) D:14

Altars:
Ashenzari
Cheibriados
Dithmenos
Elyvilon
Fedhas
Gozag
Hepliaklqana
Kikubaaqudgha
Makhleb
Nemelex Xobeh
Okawaru
Qazlal
Ru
Sif Muna
Trog
Uskayaw
Vehumet
Wu Jian
Xom
Yredelemnul
Zin
The Shining One
Beogh

Shops:
D:5 %??%   D:8 }   D:13 :   D:14 ?   Orc:2 [[?(

Annotations:
D:4 2 transporters
Elf:1 Azrael IceCv exclusion: ice statue


Innate Abilities, Weirdness & Mutations

You are very small and have problems with some larger weapons.
You are too small for most types of armour.
You have supernaturally acute eyesight. (SInv)
You are a herbivore.
You cover ground extremely quickly.
You need consume almost no food.


Message History

The Ice Fiend is lightly wounded.
The spray of energy hits the Ice Fiend.
Your shadow mimicks your spell!
The shadow shard hits the Ice Fiend.
You block the Ice Fiend's attack. x2
The Ice Fiend calls on the powers of darkness!
Your body is wracked with pain!
* * * LOW HITPOINT WARNING * * *
As you read the scroll of teleportation, it crumbles to dust.
You feel strangely unstable. The Ice Fiend gestures at you.
The bolt of cold misses you.
Unknown command.
Unknown command.
The Ice Fiend claws you but does no damage.
You block the Ice Fiend's attack. The Ice Fiend gestures at you.
The bolt of cold hits the Ice Fiend.
The Ice Fiend completely resists.
The bolt of cold hits you!
Ouch! That really hurt!
You die...

#..## #§.§§# §# ..#
#..# #..#.##§#..###
# ...#
##.##§§#§#..#§#.##
...#
#..#§§§§.§..§§#§|#
#..#
#..§§§§..§§.§§§§}
#.## #...#§§§####1§#
..## #...#§§§§§§§1§#
...###...#§.§§§§§§##
...##....###§§#§@.#
...##......##§#§§##
.[##..#.....#.#..#
###..###.......###
##...# #........
.#..## #...... ...##
...... ..## #....
###


You could see 2 Ice Fiends.

Vanquished Creatures
  Rupert (D:13)
  Frances (D:13)
  A dire elephant (Lair:6)
  Snorg (Lair:5)
  Josephine (D:11)
  A minotaur (Lab)
  A fire dragon (Volcano)
  6 vault guards (D:14)
  8 hydras
  A death knight (D:13)
  The ghost of Jannitor the Blocker, a novice DDFi of Makhleb (D:10)
  The ghost of Xeas the Unseen, a journeyman SpEn of Dithmenos (D:13)
  2 centaur warriors
  6 two-headed ogres
  A dancing weapon (Elf:1)
  2 orc high priests (Orc:2)
  An unseen horror (D:13)
  An unseen horror (shapeshifter) (Elf:1)
  7 orc sorcerers
  An oklob plant (Lair:5)
  4 ugly things
  7 deep elf magi
  3 salamanders (Volcano)
  A wolf spider (Lair:6)
  A cyclops (D:12)
  12 black mambas
  6 elephants
  A manticore (Lair:4)
  A torpor snail (Lair:5)
  A guardian serpent (Lair:6)
  An ice statue (IceCv)
  21 spiny frogs
  4 komodo dragons
  3 rime drakes (Lair:5)
  An efreet (D:14)
  3 kobold demonologists (D:12)
  A freezing wraith (D:13)
  6 ice devils (IceCv)
  The ghost of kkknotok the Chopper, an amateur HOMo (D:4)
  2 queen bees
  2 jumping spiders (shapeshifter)
  2 trolls
  The ghost of lupus83 the Conjurer, a novice GrEE (D:6)
  9 polar bears (Lair:6)
  2 hornets (Lair:6)
  3 meliai (Lair:5)
  Grinder (D:5)
  23 blink frogs
  11 dream sheep
  7 slime creatures
  13 hippogriffs
  A vampire (D:12)
  13 wyverns
  Sigmund (D:3)
  2 redbacks (Lair:6)
  8 wraiths
  36 yaks
  5 fire bats (Volcano)
  8 steam dragons (Volcano)
  9 basilisks
  7 humans (D:9)
  2 hungry ghosts
  Menkaure (D:5)
  Edmund (D:9)
  8 wargs
  An acid dragon (D:13)
  21 water moccasins
  19 hell hounds
  9 porcupines
  An eye of draining (D:12)
  A hornet zombie (D:12)
  3 sky beasts
  12 black bears
  20 orc warriors
  2 phantoms
  2 ice beasts
  A necrophage (D:7)
  8 ogres
  A centaur (D:10)
  23 wolves
  20 crocodiles
  4 big kobolds
  11 bullfrogs
  6 scorpions
  3 wights (D:9)
  47 killer bees
  6 electric eels
  A howler monkey (D:12)
  A bullfrog zombie (D:13)
  4 crimson imps
  5 centaur zombies
  31 orc wizards
  4 centaur skeletons
  18 orc priests
  6 bullfrog skeletons
  14 hounds
  5 iguanas
  7 jellies
  9 worker ants
  A hound skeleton (D:10)
  9 gnolls
  22 adders
  A shadow imp (D:12)
  6 white imps (IceCv)
  2 ufetubi (IceCv)
  An ooze (D:4)
  2 worms
  A dart slug (D:2)
  4 leopard geckos
  61 orcs
  7 giant cockroaches
  6 hobgoblins
  14 jackals
  3 quokkas
  5 ball pythons
  5 bats
  7 frilled lizards
  A giant cockroach zombie (D:5)
  5 goblins
  21 kobolds
  A leopard gecko skeleton (D:5)
  A quokka zombie (D:5)
  5 rats
  A fungus (Lair:6)
  2 plants
821 creatures vanquished.

Vanquished Creatures (collateral kills)
  An orc warrior (D:8)
  An orc priest (D:8)
  2 gnolls
  2 orcs
6 creatures vanquished.

Vanquished Creatures (others)
  A gnoll (D:6)
  An adder (D:9)
  4 white imps (IceCv)
  6 ufetubi (IceCv)
  2 fungi
  20 plants
34 creatures vanquished.

Grand Total: 861 creatures vanquished

Notes
Turn   | Place    | Note
-------+----------+-------------------------------------------
     0 | D:1      | Xeas the Spriggan Enchanter began the quest for the Orb.
     0 | D:1      | Reached XP level 1. HP: 9/9 MP: 5/5
   149 | D:2      | Reached XP level 2. HP: 10/13 MP: 1/7
   173 | D:2      | Learned a level 2 spell: Ensorcelled Hibernation
   853 | D:2      | Found a shadowy altar of Dithmenos.
   860 | D:2      | Became a worshipper of Dithmenos the Shadowed
  1097 | D:2      | Reached XP level 3. HP: 16/16 MP: 9/9
  1102 | D:2      | Learned a level 3 spell: Confuse
  1106 | D:2      | Learned a level 3 spell: Tukima's Dance
  2331 | D:2      | Found a shimmering altar of Xom.
  2421 | D:2      | Reached XP level 4. HP: 21/21 MP: 11/11
  2431 | D:2      | Reached skill level 5 in Hexes
  2832 | D:2      | Learned a level 3 spell: Dazzling Spray
  3242 | D:2      | Reached * piety under Dithmenos
  3306 | D:2      | Reached XP level 5. HP: 13/24 MP: 1/13
  3447 | D:2      | Reached skill level 5 in Spellcasting
  3637 | D:3      | Noticed Sigmund
  3663 | D:3      | Killed Sigmund
  3663 | D:3      | Reached XP level 6. HP: 28/28 MP: 3/15
  3876 | D:3      | Reached skill level 5 in Stealth
  4219 | D:3      | Reached skill level 6 in Stealth
  4398 | D:3      | Reached ** piety under Dithmenos
  4413 | D:3      | Found a burning altar of Makhleb.
  4481 | D:4      | Noticed kkknotok's ghost (amateur HOMo)
  4711 | D:4      | Reached skill level 7 in Stealth
  4738 | D:4      | Reached XP level 7. HP: 5/32 MP: 0/16
  5132 | D:4      | Found a transporter.
  5218 | D:4      | Killed kkknotok's ghost
  5218 | D:4      | Reached skill level 9 in Stealth
  5424 | D:4      | Reached skill level 10 in Stealth
  5428 | D:4      | Found a transporter.
  5779 | D:5      | Entered Level 5 of the Dungeon
  5935 | D:5      | Found a glowing golden altar of the Shining One.
  5936 | D:5      | Noticed Grinder
  5946 | D:5      | Killed Grinder
  5946 | D:5      | Reached skill level 11 in Stealth
  5946 | D:5      | Reached XP level 8. HP: 36/36 MP: 14/17
  6025 | D:5      | Found Kianown's Magic Scroll Shop.
  6029 | D:5      | Bought a scroll of enchant weapon for 90 gold pieces
  6029 | D:5      | Bought a scroll of enchant armour for 90 gold pieces
  6042 | D:5      | Found a staircase to the Ecumenical Temple.
  6049 | Temple   | Entered the Ecumenical Temple
  6125 | D:5      | Noticed Menkaure
  6128 | D:5      | Reached skill level 12 in Stealth
  6139 | D:5      | Killed Menkaure
  6164 | D:5      | Found an ornate altar of the Wu Jian Council.
  6274 | D:5      | Found Ughuhod's Food Boutique.
  6333 | D:5      | Reached skill level 13 in Stealth
  6440 | D:5      | Found Heclua's Food Shoppe.
  6482 | D:5      | Found Neimnat's Magic Scroll Shoppe.
  6485 | D:5      | Bought a scroll of identify for 28 gold pieces
  6485 | D:5      | Bought a scroll of identify for 28 gold pieces
  6762 | D:6      | Found an opulent altar of Gozag.
  6764 | D:6      | Noticed lupus83's ghost (novice GrEE)
  6800 | D:6      | Killed lupus83's ghost
  6800 | D:6      | Reached skill level 14 in Stealth
  7297 | D:6      | Reached XP level 9. HP: 39/39 MP: 18/18
  7306 | D:6      | Reached skill level 15 in Stealth
  7307 | D:6      | Reached *** piety under Dithmenos
  8151 | D:7      | Reached skill level 1 in Fighting
  8450 | D:7      | Found an iron altar of Okawaru.
  8450 | D:7      | Found a radiant altar of Vehumet.
  9038 | D:8      | Reached **** piety under Dithmenos
  9137 | D:8      | Reached skill level 5 in Dodging
  9156 | D:8      | Reached skill level 18 in Stealth
  9156 | D:8      | Reached XP level 10. HP: 46/46 MP: 21/21
  9193 | D:8      | Found Kuprov's Gadget Shop.
  9857 | D:8      | Found a deep blue altar of Sif Muna.
 10459 | D:9      | Found a runed door.
 10524 | D:9      | Found a staircase to the Lair.
 10803 | D:9      | Reached XP level 11. HP: 51/51 MP: 22/22
 11413 | D:9      | Reached ***** piety under Dithmenos
 11715 | D:9      | Found a runed door.
 11749 | D:9      | Found a runed door.
 11983 | D:9      | Found a runed door.
 11986 | D:9      | Found a runed door.
 11993 | D:9      | Noticed Edmund
 12069 | D:9      | Killed Edmund
 12460 | D:9      | Found a runed door.
 12470 | D:9      | Found a runed door.
 12498 | D:9      | Found a runed door.
 12507 | D:9      | Found a runed door.
 12541 | D:10     | Entered Level 10 of the Dungeon
 12575 | D:10     | Found a staircase to the Orcish Mines.
 12593 | D:10     | Noticed Jannitor's ghost (novice DDFi)
 12605 | D:10     | Killed Jannitor's ghost
 13526 | D:10     | Found a snail-covered altar of Cheibriados.
 13679 | D:11     | Noticed a two-headed ogre
 13702 | D:11     | Killed a two-headed ogre
 14125 | D:11     | Learned a level 3 spell: Spectral Weapon
 14166 | D:11     | Noticed a two-headed ogre
 14171 | D:11     | Noticed a five-headed hydra
 14180 | D:11     | Killed a two-headed ogre
 14180 | D:11     | Reached skill level 19 in Stealth
 14185 | D:11     | Killed a five-headed hydra
 14485 | D:11     | Noticed a two-headed ogre
 14489 | D:11     | Killed a two-headed ogre
 14489 | D:11     | Reached XP level 12. HP: 58/58 MP: 25/25
 14496 | D:11     | Noticed Josephine
 14498 | D:11     | Killed Josephine
 14498 | D:11     | Reached skill level 10 in Short Blades
 15550 | D:12     | Noticed a two-headed ogre
 15558 | D:12     | Killed a two-headed ogre
 15968 | D:12     | Reached ****** piety under Dithmenos
 16010 | D:12     | Reached skill level 5 in Fighting
 16349 | D:13     | Noticed Frances
 16350 | D:13     | Noticed a two-headed ogre
 16441 | D:13     | Noticed a centaur warrior
 16449 | D:13     | Killed a centaur warrior
 16606 | D:13     | Noticed a two-headed ogre
 16611 | D:13     | Killed a two-headed ogre
 16611 | D:13     | Reached skill level 10 in Hexes
 16650 | D:13     | Found Sisaos's Book Shoppe.
 16809 | D:13     | Noticed a death knight
 16822 | D:13     | Killed a death knight
 17197 | D:13     | Noticed Xeas's ghost (journeyman SpEn)
 17234 | D:13     | Killed Xeas's ghost
 17234 | D:13     | Reached skill level 10 in Dodging
 17234 | D:13     | Reached skill level 10 in Spellcasting
 17234 | D:13     | Reached XP level 13. HP: 20/64 MP: 21/28
 17500 | D:13     | Noticed Rupert
 18016 | D:13     | Killed Rupert
 18016 | D:13     | Reached skill level 20 in Stealth
 18068 | D:13     | Killed Frances
 18241 | D:14     | Identified Secacs's Papyrus of Gliding Intoxication
 18614 | D:14     | Found a labyrinth entrance.
 18621 | Lab      | Entered a labyrinth
 18778 | Lab      | Noticed a minotaur
 18788 | Lab      | Killed a minotaur
 18792 | Lab      | Identified the Guide on Assistive Black Rites
 18854 | D:14     | Learned a level 6 spell: Invisibility
 18860 | D:14     | Learned a level 5 spell: Dispel Undead
 19094 | D:14     | Found Qodox's Magic Scroll Shoppe.
 19276 | D:14     | Found a gate to the Vaults.
 19717 | D:14     | Reached skill level 1 in Necromancy
 20412 | Lair:1   | Entered Level 1 of the Lair of Beasts
 21928 | Lair:2   | Found a dark tunnel.
 21942 | Volcano  | Entered a volcano
 22017 | Volcano  | Reached XP level 14. HP: 70/70 MP: 23/30
 22763 | Lair:2   | Found a hole to the Spider Nest.
 23583 | D:13     | Bought a book of Enchantments for 800 gold pieces
 23589 | D:13     | Learned a level 5 spell: Silence
 25441 | Lair:4   | Found a staircase to the Shoals.
 25706 | Lair:4   | Reached skill level 21 in Stealth
 26347 | Lair:5   | Learned a level 4 spell: Cause Fear
 27239 | Lair:5   | Noticed Snorg
 27251 | Lair:5   | Killed Snorg
 27251 | Lair:5   | Reached XP level 15. HP: 59/76 MP: 26/32
 27937 | Lair:6   | Entered Level 6 of the Lair of Beasts
 27937 | Lair:6   | Found a staircase to the Slime Pits.
 28711 | Lair:6   | Reached skill level 5 in Necromancy
 31827 | Orc:1    | Entered Level 1 of the Orcish Mines
 31852 | Orc:1    | Found a roughly hewn altar of Beogh.
 32646 | Orc:2    | Entered Level 2 of the Orcish Mines
 33354 | Orc:2    | Found a roughly hewn altar of Beogh.
 33386 | Orc:2    | Found a staircase to the Elven Halls.
 34221 | Orc:2    | Found Venogawn's Magic Scroll Shoppe.
 34221 | Orc:2    | Found Apates's Antique Armour Emporium.
 34222 | Orc:2    | Found Loran's Armour Emporium.
 34225 | Orc:2    | Found Tuudih's Antique Weapon Shoppe.
 34228 | Orc:2    | Bought a scroll of enchant weapon for 97 gold pieces
 34319 | Orc:2    | Found a bloodstained altar of Trog.
 34568 | Elf:1    | Entered Level 1 of the Elven Halls
 34603 | Elf:1    | Noticed Azrael
 34610 | Elf:1    | Noticed a Tzitzimitl
 34641 | Elf:1    | Found a frozen archway.
 34648 | IceCv    | Entered an ice cave
 35016 | IceCv    | Noticed an Ice Fiend
 35017 | IceCv    | Noticed an Ice Fiend
 35023 | IceCv    | Killed from afar by an Ice Fiend

Vault maps used:
D:1:      scummos_arrival_simple_fountains
D:2:      nicolae_overflow_crystal_walls, grunt_dithmenos_smoke_and_mirrors,
          minmay_snake_closets
D:3:      marbit_many_paths, hangedman_decor_points, uniq_sigmund
D:4:      gammafunk_steamed_eel
D:5:      old_standard_altar, lemuel_round_altar,
          minmay_temple_entry_steel_oval, first_bread, serial_glass,
          glass_columns_a, glass_columns_b, glass_columns_c, glass_columns_b,
          glass_columns_b, item_on_display_a, due_unseen_surprise, serial_shops,
          shop, shop, shop_statue, nicolae_shop_behind_doors, zaba_anthole,
          uniq_grinder, uniq_menkaure
D:6:      kennysheep_nondescript, nicolae_gozag_seed_capital
D:7:      gammafunk_temple_overflow_statue
D:8:      led_sif_book, serial_shops, nicolae_shop_behind_doors, uniq_maurice
D:9:      erik_cavepeople, minmay_lair_entry_grove
D:10:     orc_0_dummy, basic_altar, david_nohive_1
D:11:     disabler_island, uniq_josephine
D:13:     serial_shops, nicolae_shop_crystal, minmay_misc_feat_plants,
          uniq_rupert, uniq_frances
D:14:     erik_vaults_2, lab_entry_generic, minmay_tree_intersection,
          serial_shops, shop
Temple:   eino_temple_lava
Lair:1:   serial_bayou_shore_a, lemuel_fruit_fields
Lair:2:   spider_nest_entry_web_field, enter_volcano_3, bh_autumn_forest_stairs
Lair:3:   infiniplex_staircase_pool_2, grunt_megastairs_4, serial_bayou_shore_b
Lair:4:   minmay_shoals_entry_beasts, grunt_megastairs_3
Lair:5:   regret_index_wax_grids, minmay_lair_oklob_items,
          kennysheep_basilisk_garden, uniq_snorg
Lair:6:   hangedman_lair_caniforms_friends, hangedman_lair_tendril_chambers,
          minmay_slime_entry_pillars, serial_bayou_shore_b
Orc:1:    basic_altar
Orc:2:    st_orc_mages, basic_altar, david_defended_altar_orc
Elf:1:    eino_elf_arrival_the_gate, portal_ice_cave_entry_pillars_three,
          kennysheep_underground_church, uniq_azrael
Lab:      labyrinth_spiral, nicolae_lab_do_over, lab_block, labyrinth_lava_lair,
          nicolae_lab_dead_end, labyrinth_glass_1, nicolae_lab_grate,
          nicolae_lab_lava
IceCv:    ice_cave_small_demon
Volcano:  pf_volcano_lost_world

Skill      XL: |  1  2  3  4  5  6  7  8  9 10 11 12 13 14 15 |
---------------+----------------------------------------------+-----
Spellcasting   | 3 4 5 6 7 8 10 11 12 13 | 13.0
Hexes          | 4 5 6 7 9 10 11 12 14 | 14.4
Stealth        | 7 11 14 18 19 20 21 | 21.9
Fighting       | 2 4 5 6 7 8 |  8.4
Short Blades   | 8 9 10 11 12 | 12.0
Dodging        | 5 8 10 11 12 13 | 13.9
Necromancy     | 2 4 6 |  6.0

Action                   |  1- 3 |  4- 6 |  7- 9 | 10-12 | 13-15 || total
-------------------------+-------+-------+-------+-------+-------++-------
Melee: Dagger            |    19 |       |       |   460 |   942 ||  1421
       Short sword       |    57 |   148 |   214 |    33 |       ||   452
       Quick blade       |       |       |       |       |   341 ||   341
 Cast: Corona            |     4 |       |       |       |       ||     4
       Ensorcelled Hiber |     6 |    13 |    23 |    83 |    86 ||   211
       Tukima's Dance    |       |     4 |     5 |     2 |       ||    11
       Dazzling Spray    |       |     6 |     9 |    21 |    11 ||    47
       Confuse           |       |     7 |    21 |    64 |    65 ||   157
       Spectral Weapon   |       |       |       |     1 |     2 ||     3
       Invisibility      |       |       |       |       |    26 ||    26
Invok: Shadow Step       |       |       |       |     1 |     3 ||     4
Evoke: Wand              |       |       |       |       |     8 ||     8
  Use: Potion            |     2 |     1 |     4 |     5 |    10 ||    22
       Scroll            |     4 |     3 |    15 |     9 |    18 ||    49
 Stab: Sleeping          |    16 |    21 |    48 |    86 |   225 ||   396
       Invisible         |       |     4 |     1 |     4 |   130 ||   139
       Distracted        |       |     2 |     3 |     6 |    11 ||    22
       Confused          |       |       |    11 |    34 |    36 ||    81
  Eat: Fruit             |       |     4 |       |     9 |     8 ||    21
       Bread ration      |       |       |     1 |       |       ||     1
       Royal jelly       |       |       |       |     2 |     7 ||     9
Armor: Robe              |     9 |     8 |     4 |    34 |    39 ||    94
Dodge: Dodged            |    63 |   142 |   180 |   289 |   781 ||  1455
Block: Other             |       |       |       |       |   182 ||   182

Table legend:
 A = Spawn XP
 B = Non-spawn XP
 C = Spawn XP percentage of total XP
 D = Spawn monster count
 E = Non-spawn monster count
 F = Spawn count percentage of total count
 G = Total turns spent on level
                    A         B        C        D         E        F      G
               +---------+---------+-------+---------+---------+-------+---------
         Total |       0 |  147100 |   0.0 |       0 |     825 |   0.0 | 35023
               +---------+---------+-------+---------+---------+-------+---------
           D:1 |       0 |      24 |   0.0 |       0 |      15 |   0.0 |  1274
           D:2 |       0 |     204 |   0.0 |       0 |      33 |   0.0 |  2363
           D:3 |       0 |     377 |   0.0 |       0 |      29 |   0.0 |   837
           D:4 |       0 |     574 |   0.0 |       0 |      18 |   0.0 |  1305
           D:5 |       0 |     921 |   0.0 |       0 |      22 |   0.0 |  1082
           D:6 |       0 |     749 |   0.0 |       0 |      16 |   0.0 |   596
           D:7 |       0 |    1251 |   0.0 |       0 |      21 |   0.0 |  1316
           D:8 |       0 |     907 |   0.0 |       0 |      30 |   0.0 |  1596
           D:9 |       0 |    5444 |   0.0 |       0 |      52 |   0.0 |  2219
          D:10 |       0 |    2658 |   0.0 |       0 |      28 |   0.0 |  1192
          D:11 |       0 |    6969 |   0.0 |       0 |      24 |   0.0 |  1850
          D:12 |       0 |    6749 |   0.0 |       0 |      35 |   0.0 |  1425
          D:13 |       0 |   14454 |   0.0 |       0 |      29 |   0.0 |  2069
          D:14 |       0 |   10195 |   0.0 |       0 |      29 |   0.0 |  1270
        Lair:1 |       0 |    2937 |   0.0 |       0 |      15 |   0.0 |  1145
        Lair:2 |       0 |    5195 |   0.0 |       0 |      25 |   0.0 |  1262
        Lair:3 |       0 |    8740 |   0.0 |       0 |      29 |   0.0 |  1412
        Lair:4 |       0 |    9854 |   0.0 |       0 |      36 |   0.0 |   967
        Lair:5 |       0 |   13511 |   0.0 |       0 |      66 |   0.0 |  1914
        Lair:6 |       0 |   29887 |   0.0 |       0 |     119 |   0.0 |  3735
         Orc:1 |       0 |    2594 |   0.0 |       0 |      24 |   0.0 |  1278
         Orc:2 |       0 |    8341 |   0.0 |       0 |      80 |   0.0 |  1463
         Elf:1 |       0 |    4309 |   0.0 |       0 |       7 |   0.0 |    80
           Lab |       0 |    1098 |   0.0 |       0 |       1 |   0.0 |   191
         IceCv |       0 |    2518 |   0.0 |       0 |      15 |   0.0 |   375
       Volcano |       0 |    6640 |   0.0 |       0 |      27 |   0.0 |   738
               +---------+---------+-------+---------+---------+-------+---------
